 Dungeon Crawl Stone Soup version 0.31.0-9-g3a7656b989 (webtiles) character file.

Game seed: 13898268070135441703

14 PaiMei the Grave Robber (level 2, 0/19 HPs)
             Began as a Demonspawn Necromancer on Jan 24, 2024.
             Slain by a jackal (1 damage)
             ... on level 2 of the Dungeon.
             The game lasted 00:00:38 (420 turns).

PaiMei the Grave Robber (Demonspawn Necromancer)     Turns: 420, Time: 00:00:39

Health: 0/19       AC:  2    Str:  8    XL:     2   Next: 31%
Magic:  0/5        EV: 12    Int: 15    God:
Gold:   24         SH:  0    Dex: 13    Spells: 4/5 levels left

rFire   . . .        d - +0 long sword
rCold   . . .        (no shield)
rNeg    . . .        a - +0 robe
rPois   .            (helmet restricted)
rElec   .            (no cloak)
rCorr   .            (no gloves)
SInv    .            (no boots)
Will    .....        (no amulet)
Stlth   ++           (no ring)
HPRegen 0.23/turn    (no ring)
MPRegen 0.09/turn

%: no passive effects
@: no status effects
A: antennae 1
a: no special abilities


You were on level 2 of the Dungeon.
You visited 1 branch of the dungeon, and saw 2 of its levels.

You collected 24 gold pieces.

Inventory:

Hand Weapons
 d - a +0 long sword (weapon)
Missiles
 f - a throwing net
Armour
 a - a +0 robe (worn)
 e - a +0 buckler
Scrolls
 c - a scroll of summoning {unknown}
 g - a scroll of fear {unknown}
Potions
 b - a potion of magic


   Skills:
 + Level 0.1 Fighting
 + Level 2.0 Dodging
 - Level 2.0 Stealth
 + Level 2.2 Spellcasting
 + Level 4.5 Necromancy


You had 4 spell levels left.
You knew the following spells:

 Your Spells              Type           Power      Damage    Failure   Level
a - Necrotise             Necr           60%        1d7       3%          1

Your spell library contained the following spells:

 Spells                   Type           Power      Damage    Failure   Level
 Vampiric Draining        Necr           15%        2d7       10%         3
 Animate Dead             Necr           15%        N/A       32%         4
 Curse of Agony           Necr           15%        N/A       67%         5


Dungeon Overview and Level Annotations

Branches:
Dungeon (1/15)

Altars:


Innate Abilities, Weirdness & Mutations

You have a pair of small antennae on your head.


Message History

Found a scroll labelled SAS TOSUILUG.
The jackal barely misses you. The jackal attacks as it pursues you!
The jackal bites you. The jackal attacks as it pursues you!
The jackal closely misses you. The jackal attacks as it pursues you!
The jackal misses you.
The jackal bites you but does no damage.
Casting: Necrotise (safe; 3% risk of failure)
Confirm with . or Enter, or press ? or * to list all spells.
You don't have enough magic to cast this spell.
The jackal barely misses you.
Casting: Necrotise (safe; 3% risk of failure)
Confirm with . or Enter, or press ? or * to list all spells.
Aiming: Necrotise (safe; 3% risk of failure)
Press: ? - help, Shift-Dir - straight line, f/p - jackal
Aim: a jackal (almost dead, chance to affect: 85%)
The jackal writhes in agony.
The jackal bites you but does no damage.
The jackal bites you.
You closely miss the jackal.
The jackal is moderately wounded.
The jackal bites you but does no damage.
The jackal bites you. The jackal closely misses you. The jackal bites you.
The jackal bites you but does no damage.
The jackal closely misses you.
You closely miss the jackal.
The jackal bites you but does no damage.
The jackal barely misses you. The jackal closely misses you. x2
The jackal bites you. x2
* * * LOW HITPOINT WARNING * * *
The jackal bites you but does no damage.
The jackal closely misses you.
Casting: Necrotise (safe; 3% risk of failure)
Confirm with . or Enter, or press ? or * to list all spells.
You don't have enough magic to cast this spell.
The jackal bites you.
* * * LOW HITPOINT WARNING * * *
The jackal bites you.
* * * LOW HITPOINT WARNING * * *
The jackal bites you.
You die...

....##..........#............
....##.........##.....##.....
....##.........##........$...
...............##..[.........
.....................J.......
##)..............###.........
...............Jh+ ..........
##...#.........hh#.......#...
#.####........h@#.......#...
+.. #..................# ..
#.. ......###..........? #..
#......# #......... #.......
..........
#.................#
..........# .#....#.....


You could see an endoplasm and 4 jackals.

Vanquished Creatures
  An adder (D:2)
  A dart slug (D:2)
  A quokka (D:1)
  A frilled lizard (D:1)
  A kobold (D:2)
5 creatures vanquished.

Notes
Turn   | Place    | Note
-------+----------+-------------------------------------------
     0 | D:1      | PaiMei the Demonspawn Necromancer began the quest for the
                  | Orb.
     0 | D:1      | Reached XP level 1. HP: 13/13 MP: 3/3
   227 | D:1      | You fall into a shaft and drop 1 floor!
   258 | D:2      | Gained mutation: You have a pair of small antennae on your
                  | head. [demonic ancestry]
   258 | D:2      | Reached XP level 2. HP: 15/19 MP: 0/5
   420 | D:2      | Slain by a jackal

Illustrated notes

Levels and vault maps discovered:
D:1:      dpeg_arrival_simpleton_a, layout_loops_ring,
          nicolae_ecumenical_snake_handling, serial_shops, shop, minmay_domino_2
D:2:      layout_basic, minmay_misc_feat_diagonals, kennysheep_generic_room_3,
          uniq_sigmund, uniq_natasha

Skill      XL: |  1 |
---------------+----+-----
Dodging        | 2 |  2.0
Stealth        | 2 |  2.0
Fighting       | |  0.1
Spellcasting   | |  2.2
Necromancy     | |  4.5

Action                     || total
---------------------------++-------
  Melee: Long sword        ||     2
   Cast: Necrotise         ||    17
 Armour: Robe              ||    21
  Dodge: Dodged            ||    12
